 Dungeon Crawl Stone Soup version 0.22.1-2-g9c5b331383 (webtiles) character file.

70 Jukra the Skirmisher (level 4, -2/75 HPs)
             Began as an Ogre Berserker on Dec 24, 2018.
             Was a Follower of Trog.
             Succumbed to Terence's poison
             ... on level 2 of the Dungeon.
             The game lasted 00:02:32 (1628 turns).

Jukra the Skirmisher (Ogre Berserker)               Turns: 1628, Time: 00:02:32

Health: -2/75      AC:  3    Str: 27    XL:     4   Next: 22%
Magic:  4/4        EV: 10    Int:  8    God:    Trog [*.....]
Gold:   77         SH:  0    Dex:  8    Spells: 3/3 levels left

rFire    . . .     SeeInvis .   a - +0 mace
rCold    . . .     Gourm    .   (no shield)
rNeg     . . .     Faith    .   f - +0 robe
rPois    .         Spirit   .   (helmet restricted)
rElec    .         Reflect  .   (no cloak)
rCorr    .         Harm     +   (gloves unavailable)
MR       .....                  (boots unavailable)
Stlth    ..........             j - amulet of harm
HPRegen  0.22/turn              (no ring)
MPRegen  0.09/turn              (no ring)

@: berserking (expiring), lethally poisoned (-2 -> -40), very quick
A: large, unfitting armour, tough skin 1
a: Berserk, Renounce Religion


You were on level 2 of the Dungeon.
You worshipped Trog.
Trog was aware of your devotion.
You were not hungry.

You visited 1 branch of the dungeon, and saw 2 of its levels.

You collected 77 gold pieces.

Inventory:

Hand Weapons
 a - a +0 mace (weapon)
Armour
 b - a +0 animal skin
 f - a +0 robe (worn)
Jewellery
 j - an amulet of harm (around neck)
Scrolls
 d - 4 scrolls of remove curse {unknown}
 g - 2 scrolls of identify {unknown}
 h - a scroll of enchant weapon {unknown}
 k - a scroll of blinking {unknown}
Potions
 c - a potion of ambrosia {unknown}
 e - a potion of mutation {unknown}
 i - a potion of agility {unknown}


   Skills:
 + Level 5.1 Fighting
 + Level 3.5 Maces & Flails
 + Level 3.1 Dodging
 + Level 0.1 Stealth


You had 3 spell levels left.
You didn't know any spells.
Your spell library was empty.

Dungeon Overview and Level Annotations

Branches:
Dungeon (2/15)

Altars:

Annotations:
D:2 1 runed door


Innate Abilities, Weirdness & Mutations

You are too large for most types of armour.
You have tough skin. (AC +1)


Message History

The jackal closely misses you. Terence hits you but does no damage.
You are more poisoned.
You hit Terence.
You kill Terence!
Trog accepts your kill.
Your Fighting skill increases to level 5!
You have reached level 4!
* * * LOW HITPOINT WARNING * * *
You feel very sick. The jackal closely misses you.
The jackal barely misses you.
The jackal bites you but does no damage.
The jackal barely misses you.
You barely miss the jackal.
* * * LOW HITPOINT WARNING * * *
You feel sick. The jackal bites you.
* * * LOW HITPOINT WARNING * * *
The jackal bites you.
* * * LOW HITPOINT WARNING * * *
You hit the jackal but do no damage.
You die...

#.#####.. #.......
..#####......
#........... #..........
#.........# #.......)h# #
#.......@h# .#
..........####..#
................#
...............##
.................
#################.#######
..#.......#.(............
#.#.#####.#.#####.######.
#.#.#...#†#.#...#.#####


You could see 2 jackals.

Vanquished Creatures
  Terence (D:2)
  A gnoll (D:1)
  2 dart slugs (D:1)
  A leopard gecko (D:1)
  3 giant cockroaches
  4 goblins
  5 hobgoblins
  2 jackals (D:1)
  A quokka (D:2)
  3 bats
  4 frilled lizards
  2 kobolds
  3 rats
32 creatures vanquished.

Notes
Turn   | Place    | Note
-------+----------+-------------------------------------------
     0 | D:1      | Jukra the Ogre Berserker began the quest for the Orb.
     0 | D:1      | Reached XP level 1. HP: 24/24 MP: 1/1
   197 | D:1      | Reached XP level 2. HP: 33/33 MP: 2/2
   931 | D:1      | Reached XP level 3. HP: 41/41 MP: 3/3
  1404 | D:2      | Found a runed door.
  1610 | D:2      | Noticed Terence
  1626 | D:2      | Killed Terence
  1626 | D:2      | Reached skill level 5 in Fighting
  1626 | D:2      | Reached XP level 4. HP: 11/50 MP: 4/4
  1627 | D:2      | HP: 3/75 [jackal (3)]
  1627 | D:2      | HP: 1/75 [jackal (2)]
  1628 | D:2      | Succumbed to Terence's poison

Skill      XL: |  1  2  3 |
---------------+----------+-----
Maces & Flails | 3 |  3.5
Dodging        | 3 |  3.1
Fighting       | 5 |  5.1
Stealth        | |  0.1

Action                   |  1- 3 |  4- 6 || total
-------------------------+-------+-------++-------
Melee: Mace              |   100 |     2 ||   102
Invok: Berserk           |     1 |       ||     1
  Eat: Ration            |     1 |       ||     1
Armor: Animal skin       |    27 |       ||    27
       Robe              |    10 |     1 ||    11
Dodge: Dodged            |    70 |     3 ||    73
